 Dungeon Crawl Stone Soup version 0.20-a0-38-g7d30548 (webtiles) character file.

243 sveltemanboy the Chopper (level 5, -4/38 HPs)
             Began as a Demonspawn Gladiator on Nov 10, 2016.
             Killed by divine providence
             ... invoked by an orc priest
              (17 damage)
             ... on level 3 of the Dungeon.
             The game lasted 00:04:56 (2431 turns).

sveltemanboy the Chopper (Demonspawn Gladiator)     Turns: 2431, Time: 00:04:57

Health: -4/38      AC: 10    Str: 16    XL:     5   Next: 82%
Magic:  6/6        EV: 12    Int:  9    God:
Gold:   94         SH:  0    Dex: 16    Spells: 0 memorised, 4 levels left

rFire  . . .     SeeInvis .     a - +1 war axe
rCold  . . .     Gourm    .     p - +0 ring mail
rNeg   . . .     Faith    .     (no shield)
rPois  .         Spirit   .     c - +0 helmet
rElec  .         Reflect  .     i - +0 cloak
rCorr  .         Harm     .     (no gloves)
MR     .....                    m - +0 pair of boots
Stlth  ++........               e - amulet of rage
                                (no ring)
                                b - +2 ring of protection

@: no status effects
A: hooves 1, thin skeletal structure 1, demonic guardian 1, nightstalker 1
a: Evoke Berserk Rage


You were on level 3 of the Dungeon.
You were not hungry.

You visited 1 branch of the dungeon, and saw 3 of its levels.

You collected 94 gold pieces.

Inventory:

Hand Weapons
 a - a +1 war axe (weapon)
Missiles
 d - 3 throwing nets (quivered)
Armour
 c - a +0 helmet (worn)
 i - a +0 cloak (worn)
 m - a +0 pair of boots (worn)
 p - a +0 ring mail (worn)
Jewellery
 b - a +2 ring of protection (left hand)
 e - an amulet of rage (around neck)
Scrolls
 g - a scroll of enchant armour {unknown}
 h - 2 scrolls of teleportation
 j - a scroll of magic mapping {unknown}
 q - a scroll of enchant weapon
 r - 2 scrolls of blinking {unknown}
 u - a scroll of remove curse
Potions
 l - a potion of agility
 n - a potion of flight {unknown}
 s - a potion of cancellation {unknown}
 t - a potion of heal wounds {unknown}
Comestibles
 f - 4 bread rations
 k - a meat ration
 o - 2 chunks of flesh
 v - a beef jerky


   Skills:
 - Level 2.0 Fighting
 * Level 4.8 Axes
 - Level 1.7 Throwing
 + Level 2.1 Armour
 - Level 2.6 Dodging
 + Level 2.5 Evocations


You had 4 spell levels left.
You didn't know any spells.

Dungeon Overview and Level Annotations

Branches:
Dungeon (3/15)

Altars:
Sif Muna
The Shining One

Annotations:
D:3 1 runed door


Innate Abilities, Weirdness & Mutations

You have large cloven feet.
You have a somewhat thin skeletal structure. (Dex +2, Stealth)
A weak demonic guardian rushes to your aid.
You are slightly more attuned to the shadows.


Message History

Your shadow imp disappears in a puff of smoke!
The orc wizard mumbles some strange words.
The orc priest hits you from afar with a trident.
The rat barely misses you.
The orc wizard mumbles some strange words.
The orc wizard blinks!
You swap places.
The rat closely misses you. The orc priest barely misses you.
Found a meat ration.
Things that are here:
a falchion; a fuming orange potion; 5 gold pieces You closely miss the orc priest.
The orc priest is heavily wounded.
You completely miss the rat.
Your white imp disappears in a puff of smoke!
Your quasit bites the orc priest but does no damage.
Your quasit barely misses the orc priest.
Your quasit claws the orc priest.
The rat bites you.
The orc priest calls down the wrath of Beogh upon you.
Beogh smites you!
You die...

.......##..P. . #
#.##.##..#### #.#.
#....)...#.[# ..#.
##.#.#...#%%# .#
....####.##รท#...#'##..#
..#.......).)...)......
#.....)#.##.##).).....#
#......##.#.#.#.5#....#
##..)..# #.).##r@o.o..#
###...#####...........%
.............###.......
####.#.#####.# #.......
#.#.# #.# #......# #.#.#
#.# #.#...## #)#.# #..
#...... #.#.# #. #.#.#


You could see an orc priest, an orc wizard, a rat and a friendly quasit.

Vanquished Creatures
  An orc wizard (D:3)
  An iguana (D:3)
  Robin (D:3)
  6 adders
  3 oozes
  A worm (D:2)
  A dart slug (D:2)
  A leopard gecko (D:2)
  4 orcs (D:3)
  A ball python (D:2)
  8 bats
  12 goblins
  6 hobgoblins
  5 jackals
  3 frilled lizards (D:1)
  3 kobolds
  5 rats
62 creatures vanquished.

Vanquished Creatures (collateral kills)
  An ice beast (D:3)
  An orc (D:3)
  A hobgoblin (D:3)
  3 goblins (D:3)
6 creatures vanquished.

Grand Total: 68 creatures vanquished

Notes
Turn   | Place    | Note
-------+----------+-------------------------------------------
     0 | D:1      | sveltemanboy the Demonspawn Gladiator began the quest for the Orb.
     0 | D:1      | Reached XP level 1. HP: 16/16 MP: 1/1
   296 | D:1      | Reached skill level 3 in Axes
   443 | D:1      | Gained mutation: You are slightly more attuned to the shadows. [demonic ancestry]
   443 | D:1      | Reached XP level 2. HP: 21/22 MP: 2/2
   755 | D:1      | Reached skill level 1 in Evocations
  1140 | D:2      | Gained mutation: You have a somewhat thin skeletal structure. (Dex +2, Stealth) [demonic ancestry]
  1140 | D:2      | Reached XP level 3. HP: 24/27 MP: 3/3
  1232 | D:2      | Reached skill level 1 in Armour
  1246 | D:2      | Found a glowing golden altar of the Shining One.
  1566 | D:2      | Gained mutation: A weak demonic guardian rushes to your aid. [demonic ancestry]
  1566 | D:2      | Reached XP level 4. HP: 33/33 MP: 5/5
  1657 | D:2      | Reached skill level 4 in Axes
  1914 | D:2      | Found a deep blue altar of Sif Muna.
  2053 | D:3      | Found a runed door.
  2098 | D:3      | Noticed an ice beast
  2118 | D:3      | Killed an ice beast
  2118 | D:3      | Gained mutation: You have large cloven feet. [demonic ancestry]
  2118 | D:3      | Reached XP level 5. HP: 38/38 MP: 6/6
  2164 | D:3      | Noticed Robin
  2423 | D:3      | Killed Robin
  2431 | D:3      | Killed from afar by an orc priest

Vault maps used:
D:1:      scummos_arrival_checkerplants, lemuel_another_geyser
D:2:      nicolae_overflow_crystal_walls, first_bread, minmay_hexomino_r4
D:3:      corexii_shack, uniq_robin, uniq_crazy_yiuf_cottage, uniq_terence

Skill      XL: |  1  2  3  4  5 |
---------------+----------------+-----
Axes           | 3 4 |  4.8
Evocations     | 1 2 |  2.5
Armour         | 1 2 |  2.1
Fighting       | |  2.0
Throwing       | |  1.7
Dodging        | |  2.6

Action                   |  1- 3 |  4- 6 || total
-------------------------+-------+-------++-------
Melee: War axe           |   104 |    78 ||   182
  Use: Scroll            |     4 |       ||     4
       Potion            |       |     1 ||     1
 Stab: Sleeping          |     3 |       ||     3
       Distracted        |       |     1 ||     1
  Eat: Chunk             |     2 |     3 ||     5
Armor: Leather armour    |    21 |       ||    21
       Ring mail         |    26 |    32 ||    58
Dodge: Dodged            |    87 |    63 ||   150
